 Dungeon Crawl Stone Soup version 0.31.0-32-g396128a36d (webtiles) character file.

Game seed: 16839974909850103946

4224 Curundu the Cleaver (level 10, -9/88 HPs)
             Began as a Minotaur Berserker on Mar 21, 2024.
             Was a Priest of Trog.
             Mangled by an orc knight
             ... wielding a +0 trident
              (14 damage)
             ... in a bailey.
             The game lasted 00:18:14 (6372 turns).

Curundu the Cleaver (Minotaur Berserker)            Turns: 6372, Time: 00:18:14

Health: -9/88      AC: 23    Str: 26    XL:     10   Next: 9%
Magic:  9/9        EV: 26    Int:  4    God:    Trog [***...]
Gold:   405        SH:  0    Dex: 10    Spells: 9/9 levels left

rFire   . . .        u - +1 war axe (flame)
rCold   . . .        (no shield)
rNeg    . . .        s - +0 crystal plate armour
rPois   +            (helmet restricted)
rElec   .            d - +0 cloak
rCorr   .            n - +0 pair of gloves
SInv    .            (no boots)
Will    .....        k - amulet of the acrobat Stlth
                     f - +5 ring of evasion
HPRegen 0.34/turn    m - ring of poison resistance
MPRegen 0.11/turn

%: acrobat
@: on berserk cooldown, acrobatic, slowed, very slow
A: horns 2, retaliatory headbutt
a: Renounce Religion, Berserk, Trog's Hand


You were in a bailey.
You worshipped Trog.
Trog was most pleased with you.
You visited 1 branch of the dungeon, and saw 7 of its levels.
You also visited: Bailey.

You collected 405 gold pieces.

Inventory:

Hand Weapons
 u - a +1 war axe of flaming (weapon)
Armour
 d - a +0 cloak (worn)
 n - a +0 pair of gloves (worn)
 s - a +0 crystal plate armour (worn)
Jewellery
 f - a +5 ring of evasion (left hand)
 k - an amulet of the acrobat (around neck)
 m - a ring of poison resistance (right hand)
Wands
 a - a wand of paralysis (10)
 r - a wand of polymorph (6)
Scrolls
 c - 4 scrolls of identify
 g - 2 scrolls of teleportation
 i - 4 scrolls of blinking
 o - a scroll of enchant weapon
 t - 2 scrolls of poison
Potions
 b - 2 potions of brilliance {unknown}
 e - 4 potions of heal wounds {unknown}
 h - 2 potions of curing {unknown}
 j - 2 potions of might
 l - 4 potions of haste
 p - 2 potions of cancellation {unknown}
 q - a potion of lignification {unknown}
 v - 2 potions of magic


   Skills:
 + Level 8.0 Fighting
 + Level 11.9 Axes
 * Level 10.3 Armour
 + Level 4.8 Dodging
 - Level 1.0 Stealth


You had 9 spell levels left.
You didn't know any spells.
Your spell library was empty.

Dungeon Overview and Level Annotations

Branches:
Dungeon (7/15)             Temple (0/1) D:7          Bailey (1/1)

Altars:
Nemelex Xobeh

Shops:
D:1 =


Innate Abilities, Weirdness & Mutations

You have a pair of horns on your head.
You reflexively headbutt those who attack you in melee.


Message History

You hit the orc warrior. You burn the orc warrior.
The orc knight hits you with a +0 glaive.
You slash the orc knight! You burn the orc knight!
The orc knight is severely wounded.
You slash the orc warrior! You burn the orc warrior.
The orc knight hits you from afar with a +0 glaive.
The orc warrior closely misses you.
You slash the orc knight! You burn the orc knight.
The orc knight is almost dead.
You slash the orc warrior! You burn the orc warrior.
You kill the orc warrior!
Trog accepts your kill. The orc knight misses you. x2
You barely miss the orc knight.
The orc knight is almost dead.
You barely miss the orc knight.
The orc knight is almost dead.
The orc knight hits you with a +0 glaive!
The orc knight hits you from afar with a +0 glaive!!
* * * LOW HITPOINT WARNING * * *
You slash the orc knight! You burn the orc knight.
You kill the orc knight!
Trog accepts your kill.
Your Fighting skill increases to level 8!
You have reached level 10!
The orc knight attacks as it pursues you!
The orc knight closely misses you.
The orc knight attacks as it pursues you!
The orc knight hits you from afar with a +0 trident!!
* * * LOW HITPOINT WARNING * * *
There is a huge open gate, spattered with blood here.
Things that are here:
a +0 glaive; a +0 scale mail You feel a strong urge to attack something.
You feel your anger nearly subside.
You are no longer berserk.
You are exhausted.
You feel yourself slow down.
The orc knight attacks as it pursues you!
The orc knight hits you from afar with a +0 trident!
You die...

#....)..#
##.)...##
#'')''#
##..o..##
#.......#
#..o.o..#
#...o...#
#..#.#..#
#...@...#
##.....##
##'''##
#.....#
#.....#
#.....#
#.....#
#.....#
##'''##


You could see 3 orc knights and an orc warrior (strong).

Vanquished Creatures
  An orc knight (Bailey)
  Grinder (D:4)
  Duvessa (D:6)
  2 water moccasins (D:6)
  9 orc warriors (Bailey)
  2 black bears
  2 ogres
  2 centaurs
  3 phantoms
  Blork the orc (D:4)
  2 bullfrogs
  2 scorpions (D:6)
  7 wights
  Dowan (D:6)
  4 killer bees (D:6)
  4 hounds
  3 bombardier beetles
  A gnoll bouda (D:7)
  Natasha (twice) (D:3)
  2 iguanas (D:5)
  5 orc wizards
  Ijyb (D:4)
  8 gnolls
  7 adders
  A shadow imp (D:6)
  2 dart slugs
  2 ribbon worms
  26 orcs
  8 ball pythons
  4 endoplasms
  A giant cockroach (D:2)
  6 goblins
  10 hobgoblins
  4 quokkas
  3 bats
  3 frilled lizards
  8 kobolds
  4 rats
155 creatures vanquished.

Notes
Turn   | Place    | Note
-------+----------+-------------------------------------------
     0 | D:1      | Curundu the Minotaur Berserker began the quest for the Orb.
     0 | D:1      | Reached XP level 1. HP: 19/19 MP: 0/0
   216 | D:1      | Reached skill level 4 in Axes
   217 | D:1      | Reached XP level 2. HP: 23/27 MP: 1/1
   440 | D:1      | Found Kanogoi's Jewellery Emporium.
   528 | D:1      | Reached ** piety under Trog
  1022 | D:2      | Reached XP level 3. HP: 33/33 MP: 2/2
  1538 | D:2      | Reached XP level 4. HP: 29/41 MP: 3/3
  1545 | D:2      | Reached skill level 5 in Axes
  2058 | D:3      | Noticed a phantom
  2059 | D:3      | Found a sparkling altar of Nemelex Xobeh.
  2059 | D:3      | Found a transporter.
  2120 | D:3      | Reached XP level 5. HP: 46/47 MP: 4/4
  2213 | D:3      | Found a faded altar of an unknown god.
  2247 | D:3      | Found a transporter.
  2335 | D:3      | Noticed Natasha
  2342 | D:3      | Killed Natasha
  2655 | D:3      | Noticed Natasha
  2663 | D:3      | Killed Natasha
  2664 | D:3      | Reached skill level 1 in Stealth
  2672 | D:3      | Reached skill level 5 in Fighting
  2672 | D:3      | Reached XP level 6. HP: 56/56 MP: 5/5
  2674 | D:3      | Reached skill level 6 in Axes
  2920 | D:4      | Reached XP level 7. HP: 49/61 MP: 6/6
  3190 | D:4      | Reached skill level 7 in Axes
  3190 | D:4      | Reached skill level 5 in Armour
  3312 | D:4      | Noticed Grinder
  3312 | D:4      | Paralysed by Grinder for 2 turns
  3330 | D:4      | Noticed Blork the orc
  3334 | D:4      | Killed Grinder
  3338 | D:4      | Killed Blork the orc
  3463 | D:4      | Noticed Ijyb
  3470 | D:4      | Killed Ijyb
  3614 | D:5      | Entered Level 5 of the Dungeon
  3675 | D:5      | Reached XP level 8. HP: 23/70 MP: 7/7
  3676 | D:5      | Reached skill level 8 in Axes
  4494 | D:6      | Reached skill level 9 in Axes
  4686 | D:6      | Noticed Dowan
  4687 | D:6      | Noticed Duvessa
  4698 | D:6      | Killed Dowan
  4701 | D:6      | Killed Duvessa
  4970 | D:6      | Reached XP level 9. HP: 69/78 MP: 8/8
  5224 | D:6      | Reached skill level 10 in Axes
  5801 | D:7      | Found a staircase to the Ecumenical Temple.
  5820 | D:7      | Reached *** piety under Trog
  5926 | D:7      | Found a flagged portal.
  5935 | Bailey   | Entered a bailey
  5953 | Bailey   | Reached skill level 11 in Axes
  6291 | Bailey   | Noticed an orc knight
  6291 | Bailey   | Noticed an orc knight
  6352 | Bailey   | Noticed an orc knight
  6357 | Bailey   | Reached skill level 10 in Armour
  6357 | Bailey   | Noticed an orc knight
  6365 | Bailey   | Killed an orc knight
  6366 | Bailey   | Reached XP level 10. HP: 33/88 MP: 9/9
  6366 | Bailey   | HP: 4/132 [orc knight/+0 trident (29)]
  6372 | Bailey   | Mangled by an orc knight

Illustrated notes

Levels and vault maps discovered:
D:1:      elethiomel_arrival_infinity_welcomes_careful_drivers,
          layout_loops_cross, serial_shops, nicolae_shop_gaudy_bauble,
          minmay_pentomino_t4
D:2:      layout_loops_corners, minmay_crystal_water, minmay_misc_feat_ornament,
          minmay_cut_off
D:3:      layout_loops_ring, gammafunk_temple_overflow_arena,
          chequers_ecumenical_altar_lobes, uniq_natasha
D:4:      layout_loops_ring, minmay_misc_feat_encased, corexii_checkpoint,
          uniq_blork_the_orc, uniq_ijyb, uniq_grinder
D:5:      layout_cave_pools
D:6:      layout_basic, uniq_duvessa
D:7:      layout_rooms, minmay_temple_entry_drinking_statues, enter_bailey_1,
          kennysheep_generic_room_14, uniq_jeremiah
Bailey:   bailey_polearm_5, bailey

Skill      XL: |  1  2  3  4  5  6  7  8  9 |
---------------+----------------------------+-----
Axes           | 4 5 6 7 9 11 | 11.9
Fighting       | 4 5 6 8 |  8.0
Dodging        | 3 4 |  4.8
Armour         | 3 4 6 8 10 | 10.3
Stealth        | 1 |  1.0

Action                     |  1- 3 |  4- 6 |  7- 9 | 10-12 || total
---------------------------+-------+-------+-------+-------++-------
  Melee: Hand axe          |    69 |    67 |    41 |       ||   177
         Headbutt          |     8 |    10 |    30 |       ||    48
         War axe           |       |       |   160 |       ||   160
         Punch             |       |       |     2 |       ||     2
 Invoke: Trog's Hand       |       |     4 |     6 |       ||    10
         Berserk           |       |     2 |     3 |       ||     5
    Use: Scroll            |       |       |    17 |       ||    17
 Armour: Animal skin       |    38 |     8 |       |       ||    46
         Chain mail        |       |    51 |   152 |       ||   203
         Crystal plate arm |       |       |    19 |     2 ||    21
  Dodge: Dodged            |    69 |    40 |   241 |     1 ||   351
